 Dungeon Crawl Stone Soup version 0.21.1-1-g345015fe64 (webtiles) character file.

2830 Lentor the Carver (level 9, -8/82 HPs)
             Began as a Minotaur Berserker on June 10, 2018.
             Was an Elder of Trog.
             Mangled by a skeletal warrior
             ... wielding a +0 dire flail
              (20 damage)
             ... on level 6 of the Dungeon.
             The game lasted 00:14:41 (6833 turns).

Lentor the Carver (Minotaur Berserker)              Turns: 6833, Time: 00:14:41

Health: -8/82      AC: 16    Str: 24    XL:     9   Next: 45%
Magic:  8/8        EV:  6    Int:  4    God:    Trog [****..]
Gold:   346        SH:  9    Dex: 11    Spells: 8/8 levels left

rFire    . . .     SeeInvis .   a - +0 falchion
rCold    . . .     Gourm    .   l - +0 shield
rNeg     . . .     Faith    .   g - +0 plate armour
rPois    .         Spirit   .   t - +0 hat
rElec    .         Reflect  .   x - scarf {repulsion}
rCorr    .         Harm     .   E - +0 pair of gloves
MR       +....                  q - +0 pair of boots
Stlth    ..........             (no amulet)
HPRegen  0.23/turn              j - ring of protection from magic
MPRegen  0.11/turn              (no ring)

@: berserk cooldown, repel missiles
A: retaliatory headbutt, horns 2
a: Berserk, Trog's Hand, Brothers in Arms, Burn Spellbooks, Renounce Religion


You were on level 6 of the Dungeon.
You worshipped Trog.
Trog was greatly pleased with you.
You were very hungry.

You visited 2 branches of the dungeon, and saw 8 of its levels.

You collected 346 gold pieces.

Inventory:

Hand Weapons
 a - a +0 falchion (weapon)
Missiles
 o - 4 javelins (quivered)
Armour
 g - a +0 plate armour (worn)
 l - a +0 shield (worn)
 q - a +0 pair of boots (worn)
 t - a +0 hat (worn)
 x - a scarf of repulsion (worn)
 E - a +0 pair of gloves (worn)
Jewellery
 j - a ring of protection from magic (left hand)
 C - an uncursed ring of ice
Wands
 e - a wand of acid (7)
 s - a wand of clouds (5)
 y - a wand of paralysis (24)
 B - a wand of random effects (67)
Scrolls
 i - a scroll of fog {unknown}
 n - 5 scrolls of remove curse
 r - 2 scrolls of magic mapping {unknown}
 w - 3 scrolls of immolation {unknown}
 z - 2 scrolls of enchant armour {unknown}
 A - 3 scrolls of identify
 H - a scroll of vulnerability {unknown}
Potions
 b - 9 potions of curing
 d - 3 potions of flight
 f - a potion of lignification {unknown}
 h - 3 potions of berserk rage
 k - 3 potions of cancellation
 m - 2 potions of resistance
 p - a potion of ambrosia
 u - a potion of magic {unknown}
 v - a potion of invisibility {unknown}
 D - a potion of heal wounds {unknown}
 F - 2 potions of degeneration {unknown}
 G - a potion of might
 I - a potion of mutation {unknown}
Comestibles
 c - 4 rations


   Skills:
 + Level 8.9 Fighting
 + Level 10.2 Long Blades
 + Level 8.1 Armour
 + Level 3.6 Dodging
 + Level 0.6 Stealth
 + Level 3.5 Shields


You had 8 spell levels left.
You didn't know any spells.

Dungeon Overview and Level Annotations

Branches:
Dungeon (7/15)             Temple (1/1) D:4

Altars:
Ashenzari
Cheibriados
Dithmenos
Elyvilon
Fedhas
Gozag
Hepliaklqana
Kikubaaqudgha
Makhleb
Nemelex Xobeh
Okawaru
Qazlal
Ru
Sif Muna
Trog
Uskayaw
Vehumet
Wu Jian
Xom
Yredelemnul
Zin
The Shining One

Shops:
D:5 (   D:6 ?


Innate Abilities, Weirdness & Mutations

You reflexively headbutt those who attack you in melee.
You have a pair of horns on your head.


Message History

The crocodile closely misses you. You furiously retaliate!
You headbutt the crocodile! The skeletal warrior barely misses you.
You riposte.
You closely miss the skeletal warrior.
The skeletal warrior is moderately damaged.
You hit the crocodile but do no damage. You headbutt the crocodile.
The crocodile is almost dead.
The crocodile bites you but does no damage.
You closely miss the crocodile.
You kill the crocodile!
Trog accepts your kill.
You block the skeletal warrior's attack.
You closely miss the skeletal warrior.
Your headbutt misses the skeletal warrior.
The skeletal warrior is moderately damaged.
The skeletal warrior hits you with a dire flail.
* * * LOW HITPOINT WARNING * * *
You closely miss the skeletal warrior.
The skeletal warrior is moderately damaged.
The skeletal warrior hits you with a dire flail!!
You die...

####..#####. #### #...........
...# ########### #.##..##.##.
##.# #.........# #.##...#.##. #.#
#.#######.###.#......... #.# #.#
#..............#.### #.# #.#
#.###.###.###.##.# #.#
#.###.###.# #........# ##.#
#.....†@z.# #####.#### #..#
#####.##### ##'## #.## #.####
##...## #.## #....# ##...÷.##
#<.## ###..# ##..)†...##
#...###########...####.........##
......[[.............+.........+.
......#########.....##.........##
#..##.# ##.#.####.......##


You could see a skeletal warrior.

Vanquished Creatures
  Pikel (D:6)
  A hornet (D:7)
  The ghost of Anathary the Covert, an amateur OpAs (D:6)
  Sigmund (D:2)
  Duvessa (D:6)
  A black bear (D:6)
  An orc warrior (D:7)
  A sky beast (D:5)
  A centaur (D:5)
  4 ogres
  A crocodile (D:6)
  The ghost of Hercules1031 the Skirmisher, an amateur GrFi (D:3)
  Dowan (D:6)
  2 scorpions (D:7)
  2 crimson imps (D:7)
  3 orc priests
  2 hounds (D:7)
  A jelly (D:3)
  A centaur skeleton (D:4)
  Crazy Yiuf (D:2)
  Terence (D:2)
  2 orc wizards
  2 worker ants (D:4)
  6 gnolls (D:3)
  13 adders
  A shadow imp (D:6)
  3 oozes (D:2)
  An adder skeleton (D:4)
  5 worms
  2 dart slugs (D:2)
  3 leopard geckos
  26 orcs
  4 giant cockroaches
  9 goblins
  7 hobgoblins
  3 jackals (D:1)
  7 kobolds
  3 quokkas
  A ball python (D:2)
  10 bats
  7 frilled lizards
  A leopard gecko skeleton (D:4)
  A leopard gecko zombie (D:7)
  5 rats
151 creatures vanquished.

Vanquished Creatures (others)
  A slave (D:6)
  2 orc priests (D:6)
  An orc wizard (D:6)
  2 iguanas (D:6)
6 creatures vanquished.

Grand Total: 157 creatures vanquished

Notes
Turn   | Place    | Note
-------+----------+-------------------------------------------
     0 | D:1      | Lentor the Minotaur Berserker began the quest for the Orb.
     0 | D:1      | Reached XP level 1. HP: 19/19 MP: 0/0
   221 | D:1      | Reached XP level 2. HP: 24/27 MP: 1/1
   269 | D:1      | You fall through a shaft!
   273 | D:2      | Noticed Sigmund
   280 | D:2      | Killed Sigmund
   280 | D:2      | Reached skill level 5 in Fighting
   280 | D:2      | Reached skill level 5 in Long Blades
   280 | D:2      | Reached XP level 3. HP: 36/36 MP: 2/2
   280 | D:2      | Reached XP level 4. HP: 42/42 MP: 3/3
   280 | D:2      | Reached XP level 5. HP: 48/48 MP: 4/4
   457 | D:1      | Reached ** piety under Trog
  1270 | D:2      | Noticed Terence
  1277 | D:2      | Killed Terence
  1641 | D:2      | Found a runed door.
  1965 | D:2      | Noticed Crazy Yiuf
  1969 | D:2      | Killed Crazy Yiuf
  1969 | D:2      | Reached XP level 6. HP: 56/56 MP: 5/5
  2050 | D:3      | Reached skill level 6 in Long Blades
  2256 | D:3      | Reached *** piety under Trog
  2325 | D:3      | Noticed Hercules1031's ghost (amateur GrFi)
  2336 | D:3      | Killed Hercules1031's ghost
  3332 | D:4      | Reached skill level 5 in Armour
  3332 | D:4      | Reached XP level 7. HP: 62/62 MP: 6/6
  3537 | D:4      | Reached skill level 7 in Long Blades
  3669 | D:4      | Found a staircase to the Ecumenical Temple.
  4049 | Temple   | Entered the Ecumenical Temple
  4328 | D:5      | Entered Level 5 of the Dungeon
  4371 | D:5      | Found a blossoming altar of Fedhas.
  4410 | D:5      | Found Cextod's Antique Weapon Shop.
  4575 | D:5      | Reached skill level 8 in Long Blades
  4575 | D:5      | Reached XP level 8. HP: 71/71 MP: 7/7
  5025 | D:6      | Found an opulent altar of Gozag.
  5054 | D:6      | Noticed Anathary's ghost (amateur OpAs)
  5067 | D:6      | Killed Anathary's ghost
  5190 | D:6      | Got a scorched cloak
  5201 | D:6      | Identified the +1 cloak of Erievamm {Int+6 Dex-4} (You found it on level 6 of the Dungeon)
  5229 | D:6      | Found an opulent altar of Gozag.
  5249 | D:6      | Found Coffez's Magic Scroll Shoppe.
  5629 | D:6      | Reached **** piety under Trog
  5629 | D:6      | Reached skill level 1 in Shields
  5704 | D:6      | Noticed Pikel
  5712 | D:6      | Killed Pikel
  5712 | D:6      | Reached skill level 9 in Long Blades
  5712 | D:6      | Reached XP level 9. HP: 81/81 MP: 8/8
  5732 | D:6      | Noticed Duvessa
  5733 | D:6      | Noticed Dowan
  5745 | D:6      | Killed Duvessa
  5755 | D:6      | Killed Dowan
  6572 | D:7      | Received a gift from Trog
  6610 | D:7      | Reached skill level 10 in Long Blades
  6792 | D:7      | Noticed a skeletal warrior
  6792 | D:7      | Noticed a skeletal warrior
  6793 | D:7      | Noticed a skeletal warrior
  6793 | D:7      | Noticed a skeletal warrior
  6833 | D:6      | Mangled by a skeletal warrior

Skill      XL: |  1  2  3  4  5  6  7  8  9 |
---------------+----------------------------+-----
Fighting       | 5 6 8 |  8.9
Long Blades    | 5 6 8 9 10 | 10.2
Armour         | 3 5 6 7 8 |  8.1
Dodging        | 3 |  3.6
Shields        | 2 3 |  3.5
Stealth        | |  0.6

Action                   |  1- 3 |  4- 6 |  7- 9 || total
-------------------------+-------+-------+-------++-------
Melee: Falchion          |    25 |   148 |   278 ||   451
       Headbutt          |    11 |    29 |    69 ||   109
Invok: Berserk           |     2 |     4 |     7 ||    13
  Use: Scroll            |       |       |    13 ||    13
       Potion            |       |       |     1 ||     1
  Eat: Chunk             |       |     8 |    11 ||    19
       Ration            |       |     2 |     1 ||     3
Armor: Plate armour      |    20 |    96 |   165 ||   281
       Animal skin       |     1 |       |       ||     1
Dodge: Dodged            |    12 |    65 |    68 ||   145
       Deflected         |       |       |     1 ||     1
Block: Shield            |       |       |    62 ||    62
       Rpst.: Falchion   |     4 |    17 |    12 ||    33
